 Dungeon Sprint DCSS version 0.31-a0-339-gda1cbd555d (webtiles) character file.

Game seed: 10011128559296038962

9800000 Monkooky the Ninja (level 27, -9/273 HPs)
             Began as a Ghoul Warper on July 20, 2023.
             Was the Champion of Makhleb.
             Mangled by The Servant
             ... wielding a +9 glaive of flaming
              (25 damage)
             ... in the Dungeon (Sprint VIII: "Arena of Blood").
             The game lasted 00:03:44 (98 turns).

Monkooky the Ninja (Ghoul Warper)                     Turns: 98, Time: 00:03:44

Health: -9/273     AC:  6    Str: 19    XL:     27
Magic:  32/53      EV: 21    Int: 16    God:    Makhleb [******]
Gold:   0          SH:  0    Dex: 10    Spells: 80/80 levels left

rFire   . . .        i - +∞ Axe of Woe
rCold   + . .        (shield currently unavailable)
rNeg    + + +        b - +0 leather armour
rPois   ∞            (no helmet)
rElec   .            (no cloak)
rCorr   .            (no gloves)
SInv    .            (no boots)
Will    ++...        (no amulet)
Stlth   +++++++++    (no ring)
HPRegen 0.00/turn    (no ring)
MPRegen 0.33/turn

%: no teleportation
@: inhibited regen, slowed, very slow
A: claws 1, cold resistance 1, negative energy resistance 3, inhibited
regeneration, torment resistance 2, devour on kill
a: Renounce Religion, Minor Destruction, Lesser Servant of Makhleb, Major
Destruction, Greater Servant of Makhleb


You were in the Dungeon.
You worshipped Makhleb.
Makhleb was exalted by your worship.
You visited 1 branch

Inventory:

Hand Weapons
 a - a +0 hand axe
 i - the +∞ Axe of Woe (weapon)
   (You found it in the Dungeon)
Missiles
 d - 7 boomerangs of dispersal (quivered)
Armour
 b - a +0 leather armour (worn)
Scrolls
 c - a scroll of blinking
Potions
 e - a potion of curing
 f - a potion of heal wounds
 h - 2 potions of magic


   Skills:
 O Level 27 Fighting
 O Level 27 Short Blades
 O Level 27 Long Blades
 O Level 27 Axes
 O Level 27 Maces & Flails
 O Level 27 Polearms
 O Level 27 Staves
 O Level 27 Ranged Weapons
 O Level 27 Throwing
 O Level 27 Armour
 O Level 27 Dodging
 O Level 27 Stealth
 O Level 27 Shields
 O Level 27 Unarmed Combat
 O Level 27 Spellcasting
 + Level 20.6 Conjurations
 + Level 20.6 Hexes
 + Level 22.2 Summonings
 + Level 24.1 Necromancy
 O Level 27 Translocations
 + Level 22.2 Transmutations
 O Level 27 Fire Magic
 + Level 26.0 Ice Magic
 + Level 20.6 Air Magic
 + Level 25.9 Earth Magic
 + Level 23.5 Poison Magic
 O Level 27 Invocations
 + Level 21.8 Evocations


You had 80 spell levels left.
You didn't know any spells.
Your spell library contained the following spells:

 Spells                   Type           Power      Damage    Failure   Level
 Blink                    Tloc           100%       N/A       0%          2
 Lesser Beckoning         Tloc           100%       N/A       0%          2
 Teleport Other           Tloc           82%        N/A       0%          3
 Vhi's Electric Charge    Tloc/Air       100%       N/A       0%          3
 Manifold Assault         Tloc           82%        N/A       0%          4


Dungeon Overview and Level Annotations

Branches:
Dungeon (1/1)

Altars:
Makhleb

Annotations:
D The Servant


Innate Abilities, Weirdness & Mutations

You are immune to poison.
You have sharp fingernails.
Your flesh is cold resistant. (rC+)
You are immune to negative energy. (rN+++)
You do not regenerate when monsters are visible.
You are immune to unholy pain and torment.
You thrive by killing the living.


Message History

The accursed is engulfed in blazing flames.
The accursed points at you and mumbles some strange words.
Something smites you!
You hear a shout!
Your Conjurations skill increases to level 20!
Your Hexes skill increases to level 20!
Your Summonings skill increases to level 22!
Your Necromancy skill gained 2 levels and is now at level 24!
Your Transmutations skill increases to level 22!
Your Ice Magic skill gained 2 levels and is now at level 26!
Your Air Magic skill increases to level 20!
Your Earth Magic skill increases to level 25!
Your Poison Magic skill increases to level 23!
Your Evocations skill increases to level 21!
A bag of meat comes into view. It is wielding a +9 war axe.
You are engulfed in blazing flames.
Something bites you!
Deactivating autopickup; reactivate with Ctrl-A.
You hear a shout! x4
The accursed is engulfed in blazing flames.
You hear a shout!
The large bag of meat is engulfed in blazing flames.
The bag of meat is engulfed in blazing flames.
The bag of meat hits you with a +9 war axe!
You hear a shout!
The bag of meat is engulfed in blazing flames.
Something bites you!
The accursed is engulfed in blazing flames.
The accursed gestures at you while chanting.
Something smites you!
The accursed is engulfed in blazing flames.
The accursed misses you.
The large bag of meat is engulfed in blazing flames.
The large bag of meat completely misses you.
The large bag of meat hits you with a +9 giant spiked club!!!
You hear a shout!
The Servant is engulfed in blazing flames.
The Servant hits you from afar with a +9 glaive of flaming!!!!
* * * LOW HITPOINT WARNING * * *
The Servant burns you!!
You die...

.###.......###..X.....
#.....M.#..........
#......)#..........
.....O..M...o......
........O)M.)#..o#
.....M..))#Mo{.#
.......o##☼oo..#
.......#M§OM@o#...
.......#.o@###.o..
#..........{o...#.
...........Do.....
#.....####..M....
..... ......# ....
...#### .=.. ####


You could see 5 accurseds, The Servant, an eight-headed meat hydra, 2 large bags
of meat and 9 bags of meat.

Vanquished Creatures
  4 hell beasts (D)
  2 royal mummies (D)
  A great orb of eyes (D)
  2 wraiths (D)
  12 vampire knights (D)
  28 ogres (D)
  4 two-headed ogres (D)
  4 liches (D)
  A phantom (D)
  37 orcs (D)
  4 skeletal warriors (D)
99 creatures vanquished.

Notes
Turn   | Place    | Note
-------+----------+-------------------------------------------
     0 | D        | Found the +∞ Axe of Woe
     0 | D        | Monkooky the Ghoul Warper began the quest for the Orb.
     0 | D        | Reached XP level 1. HP: 17/17 MP: 2/2
     0 | D        | Noticed a bag of meat
     2 | D        | Noticed a bag of meat
     3 | D        | Became a worshipper of Makhleb the Destroyer
     5 | D        | Noticed a bag of meat
     5 | D        | Noticed a bag of meat
     6 | D        | Noticed a meat berserker
     6 | D        | Noticed a bag of meat
     7 | D        | Killed a bag of meat
     7 | D        | Noticed a bag of meat
     8 | D        | Reached XP level 2. HP: 24/24 MP: 3/3
     8 | D        | Reached XP level 3. HP: 29/29 MP: 4/4
     8 | D        | Reached XP level 4. HP: 36/36 MP: 5/5
     8 | D        | Reached XP level 5. HP: 41/41 MP: 6/6
     8 | D        | Reached XP level 6. HP: 48/48 MP: 7/7
     8 | D        | Reached XP level 7. HP: 55/55 MP: 8/8
     8 | D        | Reached XP level 8. HP: 61/61 MP: 9/9
     8 | D        | Reached XP level 9. HP: 67/67 MP: 10/10
     8 | D        | Reached XP level 10. HP: 73/73 MP: 11/11
     8 | D        | Reached XP level 11. HP: 79/79 MP: 12/12
     9 | D        | Killed a meat berserker
     9 | D        | Reached * piety under Makhleb
    10 | D        | Reached XP level 12. HP: 113/113 MP: 13/13
    10 | D        | Noticed a meat berserker
    10 | D        | Noticed a bag of meat
    11 | D        | Noticed a meat berserker
    11 | D        | Killed a bag of meat
    12 | D        | Reached XP level 13. HP: 125/125 MP: 14/14
    12 | D        | Noticed a meat berserker
    13 | D        | Killed a meat berserker
    14 | D        | Reached XP level 14. HP: 141/141 MP: 15/15
    14 | D        | Noticed a meat berserker
    14 | D        | Noticed a meat berserker
    14 | D        | Noticed a meat berserker
    14 | D        | Noticed a bag of meat
    15 | D        | Noticed a meat berserker
    15 | D        | Noticed a bag of meat
    15 | D        | Noticed a bag of meat
    17 | D        | Noticed a bag of meat
    18 | D        | Noticed a meat berserker
    18 | D        | Noticed a bag of meat
    20 | D        | Killed a meat berserker
    20 | D        | Reached ** piety under Makhleb
    20 | D        | Killed a meat berserker
    20 | D        | Killed a meat berserker
    20 | D        | Killed a meat berserker
    20 | D        | Reached *** piety under Makhleb
    20 | D        | Killed a meat berserker
    20 | D        | Noticed a bag of meat
    21 | D        | Reached skill level 27 in Fighting
    21 | D        | Reached skill level 27 in Stealth
    21 | D        | Reached skill level 27 in Axes
    21 | D        | Reached XP level 15. HP: 157/174 MP: 16/16
    21 | D        | Reached XP level 16. HP: 165/183 MP: 17/17
    21 | D        | Killed a meat berserker
    21 | D        | Reached **** piety under Makhleb
    21 | D        | Killed a meat berserker
    22 | D        | Reached skill level 27 in Dodging
    22 | D        | Reached XP level 17. HP: 191/191 MP: 18/18
    22 | D        | Noticed a destroyer
    22 | D        | Noticed a large bag of meat
    23 | D        | Reached ***** piety under Makhleb
    25 | D        | Killed a large bag of meat
    26 | D        | Reached XP level 18. HP: 171/200 MP: 18/34
    26 | D        | Killed a destroyer
    27 | D        | Reached skill level 27 in Invocations
    27 | D        | Reached ****** piety under Makhleb
    30 | D        | Reached XP level 19. HP: 207/207 MP: 18/35
    35 | D        | Noticed a meat berserker
    36 | D        | Noticed a sculptor of flesh
    39 | D        | Noticed a meat berserker
    39 | D        | Noticed a destroyer
    41 | D        | Noticed a large bag of meat
    41 | D        | Noticed a destroyer
    42 | D        | Killed a meat berserker
    42 | D        | Killed a meat berserker
    43 | D        | Reached skill level 27 in Translocations
    43 | D        | Noticed a meat berserker
    45 | D        | Reached XP level 20. HP: 216/216 MP: 21/44
    47 | D        | Killed a meat berserker
    50 | D        | Reached skill level 27 in Spellcasting
    52 | D        | Reached skill level 10 in Throwing
    52 | D        | Reached skill level 10 in Armour
    54 | D        | Killed a destroyer
    55 | D        | Reached XP level 21. HP: 224/224 MP: 22/51
    55 | D        | Noticed an accursed
    55 | D        | Noticed an accursed
    56 | D        | Killed a destroyer
    58 | D        | Noticed a destroyer
    58 | D        | Noticed a meat berserker
    58 | D        | Noticed a meat berserker
    59 | D        | Noticed a tyrant
    61 | D        | Noticed a meat beast
    62 | D        | Noticed a meat berserker
    63 | D        | Noticed a dread
    63 | D        | Noticed a tyrant
    63 | D        | Noticed a tyrant
    63 | D        | HP: 10/224 [large bag of meat/+9 giant spiked club (42)]
    63 | D        | Noticed a meat berserker
    64 | D        | Noticed a destroyer
    64 | D        | Killed a large bag of meat
    64 | D        | Killed a meat berserker
    65 | D        | Killed a meat berserker
    65 | D        | Noticed a meat berserker
    66 | D        | Reached XP level 22. HP: 83/233 MP: 24/52
    66 | D        | Killed a meat beast
    67 | D        | Reached skill level 27 in Throwing
    67 | D        | Reached skill level 27 in Armour
    67 | D        | Killed a destroyer
    68 | D        | Reached XP level 23. HP: 141/240 MP: 25/53
    68 | D        | Noticed a destroyer
    69 | D        | Killed a tyrant
    69 | D        | Killed a tyrant
    69 | D        | Noticed a meat beast
    70 | D        | Noticed a tyrant
    71 | D        | Noticed a dread
    71 | D        | Killed a dread
    72 | D        | Reached skill level 27 in Unarmed Combat
    72 | D        | Killed a destroyer
    72 | D        | Noticed a meat beast
    73 | D        | Reached skill level 27 in Maces & Flails
    73 | D        | Reached skill level 27 in Polearms
    73 | D        | Reached skill level 5 in Short Blades
    73 | D        | Reached skill level 5 in Long Blades
    73 | D        | Reached skill level 5 in Staves
    73 | D        | Reached skill level 5 in Ranged Weapons
    73 | D        | Reached skill level 5 in Shields
    73 | D        | Reached XP level 24. HP: 249/249 MP: 26/53
    73 | D        | Noticed an accursed
    73 | D        | Noticed an accursed
    73 | D        | Noticed a destroyer
    74 | D        | Killed a meat beast
    75 | D        | Noticed a destroyer
    75 | D        | Noticed a destroyer
    75 | D        | Noticed a destroyer
    76 | D        | Killed a dread
    76 | D        | Noticed a destroyer
    77 | D        | Reached XP level 25. HP: 257/257 MP: 27/53
    77 | D        | Noticed a large bag of meat
    78 | D        | Killed a destroyer
    78 | D        | Noticed a destroyer
    79 | D        | Killed a tyrant
    80 | D        | Reached XP level 26. HP: 254/266 MP: 28/53
    81 | D        | Killed a destroyer
    81 | D        | Killed a destroyer
    81 | D        | Noticed an accursed
    82 | D        | Killed a meat beast
    83 | D        | Reached skill level 27 in Short Blades
    83 | D        | Reached skill level 27 in Long Blades
    83 | D        | Reached skill level 27 in Staves
    83 | D        | Reached skill level 27 in Ranged Weapons
    83 | D        | Reached skill level 27 in Shields
    83 | D        | Reached skill level 1 in Poison Magic
    83 | D        | Reached skill level 1 in Evocations
    83 | D        | Reached XP level 27. HP: 251/273 MP: 28/53
    83 | D        | Killed a destroyer
    83 | D        | Noticed a meat beast
    83 | D        | Noticed The Servant
    84 | D        | Reached skill level 5 in Necromancy
    85 | D        | Reached skill level 5 in Summonings
    85 | D        | Reached skill level 5 in Transmutations
    85 | D        | Killed a destroyer
    86 | D        | Reached skill level 27 in Fire Magic
    86 | D        | Reached skill level 10 in Ice Magic
    86 | D        | Reached skill level 10 in Earth Magic
    86 | D        | Killed a destroyer
    86 | D        | Noticed a large bag of meat
    87 | D        | Reached skill level 10 in Summonings
    87 | D        | Reached skill level 10 in Transmutations
    87 | D        | Reached skill level 10 in Poison Magic
    87 | D        | Killed a meat beast
    87 | D        | Noticed a large bag of meat
    88 | D        | Reached skill level 15 in Necromancy
    89 | D        | Reached skill level 15 in Poison Magic
    89 | D        | Killed a tyrant
    90 | D        | Reached skill level 15 in Summonings
    90 | D        | Reached skill level 15 in Transmutations
    90 | D        | Reached skill level 15 in Evocations
    90 | D        | Killed a large bag of meat
    91 | D        | Reached skill level 15 in Conjurations
    91 | D        | Reached skill level 15 in Hexes
    91 | D        | Reached skill level 15 in Air Magic
    91 | D        | Killed a destroyer
    92 | D        | Noticed an accursed
    95 | D        | Noticed a large bag of meat
    96 | D        | Killed an accursed
    96 | D        | Killed a large bag of meat
    97 | D        | Noticed an accursed
    97 | D        | Killed an accursed
    98 | D        | Mangled by The Servant

Illustrated notes

Levels and vault maps discovered:
D:        meatsprint

Skill      XL: |  1  2  3  4  5  6  7  8  9 10 11 12 13 14 15 16 17 18 19 20 21 22 23 24 25 26 27 |
---------------+----------------------------------------------------------------------------------+-----
Axes           | 23 27 | 27.0
Fighting       | 12 14 17 27 | 27.0
Stealth        | 19 22 26 27 | 27.0
Dodging        | 18 27 | 27.0
Invocations    | 26 27 | 27.0
Spellcasting   | 11 21 27 | 27.0
Translocations | 21 27 | 27.0
Throwing       | 16 26 27 | 27.0
Armour         | 16 26 27 | 27.0
Maces & Flails | 18 27 | 27.0
Polearms       | 17 27 | 27.0
Unarmed Combat | 20 27 | 27.0
Short Blades   | 5 17 22 27 | 27.0
Long Blades    | 5 17 22 27 | 27.0
Staves         | 5 17 22 27 | 27.0
Ranged Weapons | 5 17 22 27 | 27.0
Shields        | 5 17 22 27 | 27.0
Conjurations   | 2 20 | 20.6
Hexes          | 2 20 | 20.6
Summonings     | 2 22 | 22.2
Necromancy     | 2 24 | 24.1
Transmutations | 2 22 | 22.2
Fire Magic     | 11 27 | 27.0
Ice Magic      | 2 26 | 26.0
Air Magic      | 2 20 | 20.6
Earth Magic    | 2 25 | 25.9
Poison Magic   | 1 23 | 23.5
Evocations     | 1 21 | 21.8

Action                     |  1- 3 |  4- 6 |  7- 9 | 10-12 | 13-15 | 16-18 | 19-21 | 22-24 | 25-27 || total
---------------------------+-------+-------+-------+-------+-------+-------+-------+-------+-------++-------
  Melee: Executioner's axe |     1 |       |       |     2 |     2 |     7 |    15 |     8 |    20 ||    55
 Invoke: Greater Servant o |       |       |       |       |       |       |     6 |       |       ||     6
    Use: Potion            |     1 |       |       |       |       |       |       |       |       ||     1
         Scroll            |       |       |       |       |       |       |     1 |       |       ||     1
  Dodge: Dodged            |       |       |       |       |       |       |       |     1 |     2 ||     3

Table legend: (Time is in decaauts)
 A = Elapsed time spent in this place.
 B = Non-inter-level travel time spent in this place.
 C = Inter-level travel time spent in this place.
 D = Time resting spent in this place.
 E = Time spent auto-exploring this place.
 F = Levels seen in this place.
 G = Mean time per level.
                   A        B        C        D        E       F      G
               +--------+--------+--------+--------+--------+-----+--------+
         Total |     63 |     63 |      0 |      0 |      0 |   1 |   63.0 |
       Dungeon |     63 |     63 |      0 |      0 |      0 |   1 |   63.0 |
               +--------+--------+--------+--------+--------+-----+--------+

Top non-repeatable levels by time:
       D: 63 daAuts
